Map: Blackburn LE

Players

ShoWTimE

  • Race: Protoss Protoss

MarineLorD - Winner!

  • Race: Terran Terran
  • League: Master

Event: DreamHack SC2 Masters 2021 Winter

VOD

Have the link to the VOD?

Description

Time

  • Played on: Oct. 15, 2021, 1 p.m.
  • Length: 17:52

All games in this series

Show
View Real Time Build Order
Export as new Build Order

ShoWTimE Protoss 

Build Orders: 1 Gate Expand, Oracle Opening 

Get SALT Encoding   

  12  0:00  Probe  
  13  0:12  Probe  
  14  0:17  Pylon  
  14  0:24  Probe  
  15  0:35  Gateway  
  15  0:36  Probe (Chrono Boost)  
  16  0:46  Assimilator, Probe (Chrono Boost)  
  17  0:51  Probe (Chrono Boost)  
  18  1:03  Probe  
  19  1:15  Probe  
  20  1:23  Nexus  
  20  1:33  Cybernetics Core  
  20  1:36  Probe  
  21  1:41  Assimilator  
  21  1:48  Probe  
  21  1:51  Pylon  
  21  2:00  Probe  
  22  2:07  Adept (Chrono Boost)  
  22  2:12  Probe  
  25  2:18  Stargate  
  25  2:24  Probe (Chrono Boost)  
  25  2:27  Adept (Chrono Boost)  
  28  2:32  Warp Gate  
  28  2:35  Probe (Chrono Boost)  
  30  2:42  Probe (Chrono Boost)  
  31  2:44  Probe (Chrono Boost)  
  31  2:49  Adept, Probe x2 (Chrono Boost)  
  34  2:56  Pylon  
  35  3:00  Probe  
  35  3:01  Probe  
  35  3:04  Oracle (Chrono Boost)  
  37  3:12  Probe  
  41  3:13  Probe  
  41  3:19  Gateway  
  42  3:23  Adept  
  42  3:25  Probe  
  45  3:27  Probe  
  46  3:35  Oracle (Chrono Boost)  
  46  3:37  Probe  
  46  3:40  Probe  
  51  3:49  Probe, Pylon  
  51  3:50  Gateway  
  51  3:52  Probe  
  53  4:04  Probe  
  53  4:07  Probe  
  53  4:09  Pylon  
  55  4:13  Nexus  
  55  4:17  Probe  
  56  4:19  Probe  
  56  4:23  Assimilator  
  57  4:24  Sentry  
  57  4:26  Sentry  
  57  4:27  Assimilator  
  57  4:29  Probe  
  62  4:33  Probe  
  62  4:37  Twilight Council  
  62  4:38  Shield Battery  
  63  4:41  Probe  
  64  4:45  Probe  
  65  4:53  Gateway, Probe  
  65  4:57  Probe  
  65  4:59  Gateway  
  67  5:02  Sentry  
  67  5:03  Blink (Chrono Boost)  
  67  5:05  Probe  
  70  5:11  Pylon  
  70  5:25  Stalker, Gateway, Phoenix, Probe  
  70  5:28  Probe x2 (Chrono Boost), Pylon  
  77  5:36  Stalker  
  77  5:37  Probe (Chrono Boost)  
  77  5:40  Probe (Chrono Boost)  
  77  5:41  Forge  
  82  5:45  Probe (Chrono Boost), Forge  
  82  5:46  Probe (Chrono Boost)  
  82  5:47  Probe (Chrono Boost)  
  84  5:51  Probe (Chrono Boost)  
  84  5:52  Probe (Chrono Boost)  
  84  5:54  Probe  
  84  5:56  Robotics Facility  
  87  6:03  Probe  
  87  6:04  Probe  
  89  6:05  Assimilator  
  89  6:06  Probe  
  89  6:09  Assimilator, Pylon  
  90  6:15  Probe  
  90  6:16  Stalker x2, Probe  
  90  6:18  Probe  
  97  6:19  Stalker  
  97  6:21  Protoss Ground Armor Level 1 (Chrono Boost)  
  97  6:25  Stalker  
  101  6:30  Stalker x2  
  101  6:31  Protoss Ground Weapons Level 1 (Chrono Boost)  
  105  6:38  Pylon  
  105  6:43  Zealot x2  
  109  6:47  Charge (Chrono Boost)  
  109  6:50  Robotics Bay  
  109  6:52  Pylon  
  109  6:56  Observer  
  109  6:57  Zealot x2  
  109  6:58  Zealot  
  116  7:01  Robotics Facility  
  116  7:04  Pylon  
  116  7:10  Gateway, Shield Battery  
  116  7:14  Gateway  
  116  7:18  Observer  
  117  7:25  Zealot x6  
  117  7:28  Pylon  
  117  7:29  Pylon  
  129  7:42  Colossus (Chrono Boost)  
  129  7:44  Pylon  
  129  7:45  Pylon  
  135  7:52  Extended Thermal Lance  
  135  7:55  Colossus (Chrono Boost)  
  133  8:00  Zealot x6  
  145  8:11  Probe  
  134  8:21  Zealot x6  
  134  8:27  Colossus (Chrono Boost)  
  132  8:39  Nexus  
  132  8:40  Protoss Ground Weapons Level 2, Protoss Ground Armor Level 2  
  132  8:44  Colossus (Chrono Boost)  
  138  8:54  Probe x2  
  138  8:55  Probe  
  141  9:01  Shield Battery  
  141  9:03  Stalker x4  
  141  9:06  Zealot  
  151  9:16  Zealot, Colossus (Chrono Boost)  
  131  9:17  Zealot  
  131  9:21  Zealot  
  119  9:28  Zealot x3  
  109  9:33  Stalker x2  
  109  9:37  Probe x2  
  115  9:40  Shield Battery  
  115  9:47  Shield Battery  
  115  9:49  Stalker  
  115  9:50  Stalker x2  
  121  9:59  Sentry x2  
  129  10:00  Sentry  
  129  10:03  Immortal (Chrono Boost)  
  129  10:04  Probe x3  
  135  10:09  Stalker  
  135  10:11  Stalker  
  132  10:18  Zealot x2  
  133  10:25  Zealot x3  
  127  10:36  Disruptor (Chrono Boost)  
  127  10:37  Robotics Facility  
  130  10:45  Pylon  
  130  10:46  Probe  
  130  10:47  Stalker x2  
  130  10:48  Stalker, Probe  
  137  10:50  Photon Cannon  
  137  10:54  Probe  
  137  11:01  Probe x2, Dark Shrine  
  139  11:04  Photon Cannon  
  139  11:07  Disruptor (Chrono Boost)  
  139  11:08  Photon Cannon  
  141  11:13  Zealot  
  141  11:17  Probe  
  144  11:19  Stalker x2  
  144  11:20  Probe  
  144  11:21  Protoss Ground Armor Level 3 (Chrono Boost)  
  144  11:22  Protoss Ground Weapons Level 3 (Chrono Boost)  
  145  11:26  Probe  
  140  11:35  Stalker x2, Disruptor (Chrono Boost)  
  142  11:40  Disruptor (Chrono Boost)  
  142  11:43  Assimilator  
  145  11:47  Assimilator  
  145  11:52  Zealot x5  
  155  11:57  Pylon  
  155  11:58  Photon Cannon  
  155  11:59  Pylon  
  155  12:04  Shield Battery  
  155  12:08  Stalker x3  
  161  12:09  Disruptor (Chrono Boost)  
  161  12:15  Shield Battery  
  164  12:16  Dark Templar  
  158  12:23  Disruptor (Chrono Boost)  
  158  12:27  Zealot x3  
  167  12:34  Nexus  
  167  12:39  Disruptor (Chrono Boost)  
  164  12:49  Zealot x2  
  164  12:50  Zealot  
  158  12:51  Disruptor (Chrono Boost)  
  158  12:53  Zealot x3  
  158  12:57  Shadow Stride (Chrono Boost)  
  130  13:10  Disruptor (Chrono Boost)  
  133  13:20  Pylon  
  133  13:23  Probe x3  
  133  13:24  Probe, Disruptor (Chrono Boost)  
  140  13:35  Dark Templar x4  
  140  13:38  Disruptor (Chrono Boost)  
  151  13:47  Dark Templar x2  
  155  13:51  Photon Cannon  
  155  13:56  Protoss Shields Level 1 (Chrono Boost)  
  155  13:58  Dark Templar  
  155  13:59  Gateway  
  155  14:00  Photon Cannon  
  155  14:02  Gateway  
  157  14:03  Pylon  
  156  14:13  Stalker x5  
  166  14:34  Nexus  
  166  14:35  Zealot x3  
  166  14:36  Zealot x5  
  175  14:56  Zealot x2  
  175  14:57  Zealot, Dark Templar x3  
  175  14:58  Zealot x2  
  170  15:09  Photon Cannon  
  170  15:13  Observer (Chrono Boost)  
  171  15:20  Photon Cannon  
  171  15:21  Dark Templar, Pylon  
  171  15:22  Photon Cannon, Dark Templar  
  173  15:29  Stalker x3  
  173  15:34  Observer  
  178  15:46  Probe x2  
  178  15:48  Stalker x2  
  182  15:59  Disruptor x2  
  188  16:05  Stalker x5  
  188  16:09  Nexus  
  174  16:33  Dark Templar x7  
  174  16:38  Pylon  
  188  16:40  Assimilator  
  188  16:43  Assimilator  
  180  16:59  Zealot x2  
  184  17:06  Gateway  
  184  17:14  Stalker x6  
  142  17:31  Probe x3  
Show
View Real Time Build Order
Export as new Build Order

MarineLorD Terran - Winner!

Build Orders:  

Get SALT Encoding   

  12  0:00  SCV  
  13  0:12  SCV  
  14  0:17  Supply Depot  
  14  0:24  SCV  
  15  0:38  SCV  
  15  0:40  Barracks  
  16  0:43  Refinery  
  16  0:50  SCV  
  17  1:03  SCV  
  18  1:15  SCV  
  19  1:26  Marine  
  19  1:27  Orbital Command  
  20  1:47  Command Center  
  20  1:51  Barracks Reactor  
  20  1:52  Supply Depot  
  20  1:57  SCV  
  21  2:06  Factory  
  21  2:09  SCV  
  22  2:21  SCV  
  23  2:26  Marine x2  
  25  2:33  SCV  
  26  2:40  Command Center  
  26  2:45  SCV  
  26  2:47  Marine  
  26  2:48  Marine  
  26  2:51  Factory Tech Lab  
  29  2:57  SCV  
  30  3:01  Orbital Command  
  30  3:10  Cyclone  
  34  3:12  SCV  
  34  3:16  Marine  
  34  3:17  Marine  
  36  3:24  SCV  
  36  3:26  SCV  
  38  3:31  Supply Depot  
  38  3:35  Barracks  
  38  3:37  SCV  
  38  3:39  Marine x2  
  41  3:44  SCV  
  45  3:48  Siege Tank  
  45  3:49  SCV  
  45  3:53  Supply Depot, SCV  
  47  3:57  Marine x2  
  47  3:58  SCV  
  50  4:06  Orbital Command  
  50  4:07  SCV  
  51  4:13  SCV  
  51  4:15  Marine x2  
  54  4:19  SCV, Barracks  
  54  4:23  Barracks Tech Lab  
  54  4:27  SCV  
  58  4:31  SCV  
  58  4:32  Marine  
  58  4:33  SCV, Marine  
  58  4:36  Refinery  
  58  4:38  Refinery  
  62  4:40  Engineering Bay  
  62  4:43  SCV  
  62  4:44  SCV, Marine  
  65  4:46  Stimpack  
  65  4:50  Marine x2  
  64  4:56  SCV x2, Refinery  
  66  5:02  Marine  
  66  5:05  Terran Infantry Weapons Level 1  
  67  5:07  Supply Depot x2  
  67  5:08  SCV x2, Marine x2  
  67  5:09  Orbital Command  
  71  5:19  Combat Shield, Barracks  
  71  5:20  Marine x2  
  71  5:21  SCV, Barracks  
  74  5:25  Supply Depot, SCV  
  74  5:27  Supply Depot  
  75  5:31  Factory Reactor  
  75  5:33  SCV  
  75  5:34  Starport  
  76  5:36  SCV  
  76  5:41  SCV  
  78  5:43  Marauder, Supply Depot  
  78  5:45  SCV  
  78  5:48  SCV  
  78  5:49  Missile Turret  
  82  5:52  Marauder  
  82  5:54  Marine x2  
  82  5:55  SCV  
  87  5:59  Supply Depot  
  87  6:00  SCV  
  87  6:01  SCV  
  89  6:07  Barracks Tech Lab, SCV, Barracks Reactor  
  89  6:08  Supply Depot  
  90  6:12  SCV  
  90  6:13  Marauder, SCV  
  94  6:19  SCV  
  94  6:22  Supply Depot  
  94  6:23  Factory Reactor  
  94  6:24  Medivac x2, SCV  
  94  6:25  SCV  
  101  6:30  Marauder x2  
  101  6:32  SCV  
  106  6:33  Supply Depot  
  106  6:37  SCV x2  
  106  6:38  Refinery x2  
  110  6:40  Marauder, Concussive Shells  
  110  6:44  SCV  
  111  6:49  SCV x2  
  111  6:51  Marauder  
  115  6:55  Marauder  
  115  6:56  Medivac x2  
  115  7:00  Widow Mine x2  
  129  7:01  Marauder, SCV  
  129  7:05  Marine  
  130  7:09  Supply Depot  
  130  7:10  Missile Turret  
  130  7:11  Terran Infantry Armor Level 1  
  130  7:13  Marauder, Marine x2  
  133  7:16  Marauder  
  137  7:22  Marauder  
  137  7:27  Medivac x2  
  137  7:29  Marine  
  141  7:34  Marauder  
  143  7:37  Marauder, Supply Depot  
  143  7:38  Command Center  
  143  7:39  Marine  
  143  7:40  Ghost Academy  
  148  7:44  Marauder  
  148  7:45  Widow Mine x2  
  148  7:46  Marine x2  
  148  7:47  Marine  
  152  7:55  Marauder  
  152  7:57  Marine  
  155  7:59  Marauder  
  155  8:04  Marine x2  
  155  8:05  Marauder, Marine  
  159  8:06  SCV x2, Medivac  
  163  8:15  Marine  
  163  8:18  Marauder  
  164  8:21  Marine  
  164  8:22  Marauder, Marine  
  164  8:23  Marine  
  164  8:27  Marauder  
  161  8:33  Marine  
  145  8:39  Marauder, Marine, Enhanced Shockwaves  
  145  8:40  Marine  
  145  8:41  Armory, Marine, Engineering Bay  
  150  8:42  Widow Mine x2  
  150  8:43  Marauder  
  150  8:46  SCV x2  
  158  8:50  Barracks  
  158  8:51  Barracks  
  158  8:52  Starport Reactor, Barracks  
  158  8:54  Ghost  
  158  8:55  Marine  
  160  8:57  Marine x2  
  160  9:00  Missile Turret, Ghost, Supply Depot x2  
  160  9:01  Missile Turret  
  165  9:03  Refinery  
  165  9:04  Widow Mine x2, Ghost  
  165  9:06  Marine  
  160  9:24  Marauder  
  153  9:28  Marine  
  153  9:29  Marauder  
  147  9:31  Marine  
  147  9:32  Marine x2  
  147  9:33  Marauder  
  147  9:34  Viking x2  
  145  9:43  Planetary Fortress  
  145  9:45  Marauder  
  143  9:46  Marine  
  143  9:47  Barracks Tech Lab x2  
  143  9:48  Barracks Tech Lab  
  143  9:49  Marine x2  
  143  9:50  Marauder  
  148  9:53  Starport  
  148  9:54  Command Center  
  148  9:56  Factory Reactor  
  148  9:57  Marauder, Marine  
  151  10:01  Terran Infantry Weapons Level 2  
  151  10:02  Terran Infantry Armor Level 2  
  151  10:04  Medivac x2  
  151  10:05  Terran Ship Weapons Level 1  
  155  10:08  Marauder  
  155  10:13  Marauder, Marine x2  
  161  10:23  Marauder  
  161  10:26  Marine x2  
  161  10:27  Marauder  
  161  10:34  Marine x2  
  161  10:35  Marauder, Marine  
  157  10:36  Marauder x2  
  157  10:39  Viking  
  157  10:41  Viking  
  166  10:43  Marine  
  166  10:44  Marine x2  
  166  10:48  Marauder  
  171  10:54  Marauder  
  171  10:55  Ghost  
  175  11:03  Marauder x2, Marine x4  
  183  11:06  Marauder  
  183  11:07  Missile Turret  
  183  11:09  Marine  
  184  11:14  Viking x4, Marine  
  193  11:20  Marine  
  193  11:21  Marine x2  
  193  11:23  Ghost  
  193  11:24  Marauder  
  183  11:34  Marauder, Marine x2  
  183  11:36  Ghost x2  
  183  11:38  Planetary Fortress  
  183  11:39  Marine  
  188  11:43  Marine x2  
  188  11:44  Viking  
  188  11:45  Ghost  
  193  11:49  Viking x2  
  193  11:52  Marauder, Marine  
  200  11:58  Command Center, Fusion Core  
  200  12:11  Missile Turret, Personal Cloaking  
  200  12:13  Missile Turret  
  199  12:30  Terran Ship Weapons Level 2  
  199  12:32  Terran Infantry Weapons Level 3  
  199  12:33  Terran Infantry Armor Level 3  
  195  12:37  Barracks  
  195  12:38  Refinery x2, Barracks  
  195  12:39  Command Center  
  193  12:45  Marauder, Marine  
  193  12:50  Marine x2  
  193  12:51  Marauder  
  139  13:00  Marauder, Marine x2  
  139  13:03  Marauder x2, Marine  
  135  13:06  Marine  
  135  13:08  Marine x2  
  135  13:11  Advanced Ballistics  
  135  13:12  Marauder, Liberator x2  
  139  13:18  Marauder, Marine, Orbital Command  
  145  13:21  Marine  
  145  13:22  Marauder  
  145  13:24  Marauder, Marine x3  
  145  13:26  Command Center, Marine  
  154  13:30  Liberator x2  
  154  13:33  Marauder  
  162  13:37  Nuke  
  162  13:40  Marauder  
  164  13:42  Marauder  
  166  13:50  Ghost  
  166  13:55  Liberator  
  170  13:56  Barracks Tech Lab x2  
  170  13:59  Liberator  
  173  14:14  Liberator x2  
  177  14:18  Marauder x2, Marine x2  
  177  14:19  Marine  
  177  14:21  Marauder, Marine  
  193  14:36  Widow Mine x2  
  193  14:38  Liberator  
  194  14:42  Liberator  
  197  14:51  Marauder, Marine  
  200  14:57  Liberator  
  190  15:00  Marauder, Marine x2  
  190  15:04  Marauder x4, Marine x3  
  190  15:06  Liberator  
  170  15:08  Marine  
  170  15:10  Terran Ship Weapons Level 3, Nuke  
  170  15:12  Marauder  
  171  15:18  Marine x2  
  171  15:21  Liberator  
  176  15:22  Marauder x2, Marine, Orbital Command  
  176  15:25  Marine x3  
  176  15:26  Marauder, Marine  
  176  15:27  Liberator  
  189  15:36  Refinery, Sensor Tower  
  189  15:40  Liberator  
  192  15:43  Hi-Sec Auto Tracking  
  192  15:44  Neosteel Armor  
  192  15:49  Missile Turret, Marine x5  
  191  15:59  Ghost x2  
  191  16:00  Marine x3  
  198  16:10  Liberator  
  187  16:29  Ghost x2  
  187  16:31  Planetary Fortress  
  184  16:39  Ghost x3  
  188  16:43  Ghost  
  189  17:01  Ghost x2  
  193  17:15  Missile Turret x2  
  193  17:17  Missile Turret  
  193  17:19  Missile Turret  
  188  17:29  Marauder  
  160  17:32  Marine x2  
  160  17:33  Marine  

Tags
 
Add a new tag
Caveats
  • Supply blocks, unpowered buildings, or Contaminate may cause inaccurate times.
  • Supply counts are checked every 10 seconds.